 Dungeon Crawl Stone Soup version 0.17.0-28-g6e173f8 (console) character file.

263880 Kloppie the Warrior (level 19, -9/165 HPs)
             Began as a Minotaur Fighter on Nov 23, 2015.
             Was the Champion of Ashenzari.
             Mangled by an ice dragon (12 damage)
             ... while paralysed by an ogre mage
             ... on level 3 of the Vaults.
             The game lasted 01:50:13 (45752 turns).

Kloppie the Warrior (Minotaur Fighter)             Turns: 45752, Time: 01:50:14

Health: -9/165     AC: 22    Str: 26    XL:     19   Next: 26%
Magic:  0/36       EV:  2    Int:  5    God:    Ashenzari [******]
Gold:   2461       SH:  0    Dex: 16    Spells: 0 memorised, 18 levels left

rFire  + . .     SeeInvis +     Z - +2 double sword (elec)
rCold  . . .     Clarity  +     V - +2 scale mail "Javylypt" {rElec Str+3 Slay+3}
rNeg   . . .     SustAt   .     K - +0 shield
rPois  .         Gourm    .     S - +2 hat (curse)
rElec  +         Spirit   +     k - +1 cloak (curse)
rCorr  .         Warding  .     q - +1 pair of gloves (curse)
rMut   .         Stasis   .     d - +2 pair of boots {Fly} (curse)
MR     +....                    n - amulet of guardian spirit
Stlth  ..........               o - ring of protection from fire
                                P - ring of magical power

@: paralysed, studying Armour, somewhat resistant to hostile enchantments,
extremely unstealthy
A: retaliatory headbutt, horns 2, deformed body, deterioration 1, frail 1
a: Scrying, Transfer Knowledge, Renounce Religion, Evoke Flight
}: 2/15 runes: decaying, gossamer


You were on level 3 of the Vaults.
You worshipped Ashenzari.
Ashenzari was exalted by your worship.
You were not hungry.

You visited 7 branches of the dungeon, and saw 39 of its levels.
You visited 1 bazaar.
You also visited: Ossuary, Bailey and Ice Cave.

You collected 3773 gold pieces.
You spent 1312 gold pieces at shops.

Inventory:

Hand Weapons
 a - the +2 scimitar "Dolull" {speed, rPois rF+ MR+}
   (You bought it in a shop on level 4 of the Orcish Mines)

   Attacks with this weapon are significantly faster.
   It protects you from fire.
   It protects you from poison.
   It affects your resistance to hostile enchantments.
 b - a +4 scimitar of flaming
 M - a +2 long sword of holy wrath
 Z - a +2 double sword of electrocution (weapon)
Armour
 d - a cursed +2 pair of boots of flying (worn)
 k - a cursed +1 cloak (worn)
 q - a cursed +1 pair of gloves (worn)
 K - a +0 shield (worn)
 S - a cursed +2 hat (worn)
 V - the +2 scale mail "Javylypt" (worn) {rElec Str+3 Slay+3}
   (You found it on level 5 of the Lair of Beasts)

   It affects your strength (+3).
   It affects your accuracy and damage with ranged weapons and melee attacks
   (+3).
   It insulates you from electricity.
Jewellery
 n - an amulet of guardian spirit (around neck)
 o - a ring of protection from fire (right hand)
 w - an uncursed ring of teleportation
 B - an uncursed amulet of stasis
 D - an uncursed ring of sustain attributes
 E - an uncursed amulet of resist corrosion
 I - a +6 ring of evasion
 P - a ring of magical power (left hand)
 R - an uncursed ring of poison resistance
Wands
 g - a wand of teleportation (2)
 s - a wand of paralysis (12)
 A - a wand of disintegration (5)
 Q - a wand of invisibility (4)
 U - a wand of digging (14)
Scrolls
 c - 5 scrolls of magic mapping
 m - 10 scrolls of teleportation
 r - a scroll of enchant armour
 v - 3 scrolls of silence
 x - 5 scrolls of fog
 C - 23 scrolls of identify
 H - 13 scrolls of recharging
 L - 13 scrolls of remove curse
 O - 3 scrolls of blinking
 T - 2 scrolls of fear
 W - a scroll of brand weapon
 Y - a scroll of holy word
Potions
 f - 2 potions of invisibility
 h - 2 potions of resistance
 i - 18 potions of curing
 j - 6 potions of haste
 l - 5 potions of cancellation
 p - 5 potions of agility
 z - 2 potions of magic
 F - 8 potions of lignification
 G - 7 potions of berserk rage
 J - a potion of flight
 X - 2 potions of might
Books
 u - the Tome of Aid and the Rocks
   (You found it in a bailey)

   Spells                             Type                      Level
   a - Shroud of Golubria             Charms/Translocation         2
   b - Song of Slaying                Charms                       2
   c - Stoneskin                      Transmutation/Earth          2
   d - Leda's Liquefaction            Hexes/Earth                  4
   e - Petrify                        Transmutation/Earth          4
   f - Haste                          Charms                       6
 y - a manual of Armour
Comestibles
 e - 17 bread rations
 N - 14 meat rations


   Skills:
 + Level 19.7 Fighting
 - Level 18.6 Long Blades
 - Level 17.6(20.0) Armour
 + Level 13.8(16.4) Dodging
 - Level 16.0 Shields
 + Level 13.2 Evocations


You had 18 spell levels left.
You didn't know any spells.

Dungeon Overview and Level Annotations

Branches:
Dungeon (15/15)            Temple (1/1) D:5            Lair (8/8) D:11
  Swamp (4/4) Lair:6       Spider (4/4) Lair:6        Slime (0/6) Lair:7
    Orc (4/4) D:9             Elf (0/3) Orc:4        Vaults (3/5) D:13
  Crypt (0/3) Vaults:3     Depths (0/5) D:15

Altars:
Ashenzari
Cheibriados
Dithmenos
Elyvilon
Fedhas
Gozag
Kikubaaqudgha
Makhleb
Nemelex Xobeh
Okawaru
Qazlal
Ru
Sif Muna
Trog
Vehumet
Xom
Yredelemnul
Zin
The Shining One
Beogh

Shops:
D:6 (   D:12 }   Orc:2 :   Orc:4 ?:(((   Vaults:1 (

Annotations:
D:2 Sigmund


Innate Abilities, Weirdness & Mutations

You reflexively headbutt those who attack you in melee.
You have a pair of horns on your head.
Armour fits poorly on your strangely shaped body.
Your body sometimes deteriorates upon taking damage.
You are frail (-10% HP).


Message History

* * * LOW HITPOINT WARNING * * *
The ice dragon bites you but does no damage.
The ice dragon claws you but does no damage.
The ice dragon tramples you but does no damage.
The stone giant hits you but does no damage.
The ice dragon bites you!
* * * LOW HITPOINT WARNING * * *
The ice dragon claws you but does no damage.
The ice dragon tramples you!
* * * LOW HITPOINT WARNING * * *
You stumble backwards!
The ogre mage hits you with a club.
* * * LOW HITPOINT WARNING * * *
The ice dragon breathes frost at you.
Helpless, you fail to dodge the blast of cold.
* * * LOW HITPOINT WARNING * * *
The stone giant hits you but does no damage.
The ice dragon bites you but does no damage.
The ice dragon claws you!
You die...

.................................
.........................).......
.............#########..#########
.............#.......p..#########
..........C..#.......#.)#)..(..#.
.............#.......#..'......'.
.............#..<)...#{.#)....(#.
.............#.†OD†..#{{#########
.............#(.@C...#.{########
.............#....†..#{{{.......,
.............#########{{........,
............... ..{.{........
................,....{{.........
................ .....{.........,
...............,∆...............
.............. ,,...............,
, , , , , ...............


You could see an ice dragon, a stone giant, an ogre mage and an ironbrand
convoker.

Vanquished Creatures
  Norris (Spider:3)
  Nikola (Swamp:3)
  Arachne (Spider:3)
  A tentacled monstrosity (Vaults:3)
  Rupert (D:15)
  The ghost of krfreak the Shatterer, an adept OgBe of Trog (Spider:3)
  2 thorn hunters (Swamp:4)
  Roxanne (D:15)
  2 fire giants (Vaults:3)
  3 vault wardens
  2 ghost moths (Spider:4)
  8 emperor scorpions
  A very ugly thing (Vaults:3)
  4 ironheart preservers
  5 stone giants
  Nessos (D:15)
  Azrael (Spider:1)
  A dire elephant (D:15)
  An ettin (Vaults:2)
  2 blizzard demons (IceCv)
  Erolcha (Orc:4)
  3 great orbs of eyes (Vaults:1)
  A fire dragon (Vaults:1)
  4 yaktaur captains
  3 ghost crabs
  3 ice dragons
  23 hydras
  An entropy weaver (Spider:2)
  Erica (D:9)
  5 ogre magi
  6 alligators
  A catoblepas (Lair:7)
  8 death yaks
  2 centaur warriors (D:15)
  2 deep troll shamans
  A deep troll earth mage (Vaults:1)
  2 orc high priests
  Urug (D:14)
  5 deep elf knights
  17 spriggans
  Nergalle (Orc:4)
  2 wizards
  6 ice devils (IceCv)
  A fire crab (Vaults:2)
  A soul eater (Vaults:3)
  A fire crab (shapeshifter) (Vaults:3)
  2 shadow wraiths
  2 unseen horrors
  A small abomination (Vaults:1)
  10 swamp dragons
  2 shambling mangroves (Swamp:1)
  7 deep trolls (Vaults:1)
  A phantasmal warrior (Vaults:3)
  4 hill giants
  7 orc knights
  A deep elf conjurer (Vaults:3)
  A giant orange brain (Vaults:1)
  8 cyclopes
  15 orb spiders
  6 hornets
  12 ugly things
  A cyclops (shapeshifter) (Vaults:3)
  5 harpies (Vaults:3)
  4 necromancers
  10 ironbrand convokers
  A hornet (shapeshifter) (Vaults:1)
  18 wolf spiders
  9 orc sorcerers
  2 griffons
  A fire giant zombie (Vaults:1)
  A frost giant zombie (Vaults:1)
  13 elephants
  4 vault sentinels
  2 moths of wrath
  2 manticores
  6 black mambas
  A centaur zombie (D:12)
  A sphinx skeleton (Vaults:1)
  Maurice (D:9)
  A naga mage (D:15)
  4 ice statues (IceCv)
  A torpor snail (Lair:4)
  2 yaktaur zombies
  An octopode (shapeshifter) (D:14)
  The ghost of Acur the Slasher, a novice OpFi of Dithmenos (D:6)
  A human zombie (Vaults:2)
  8 komodo dragons
  An anaconda simulacrum (IceCv)
  6 kobold demonologists
  23 spiny frogs
  14 yaktaurs
  4 demonic crawlers
  A queen bee (D:10)
  A storm dragon simulacrum (Vaults:3)
  A redback zombie (Vaults:1)
  34 jumping spiders
  A golden dragon simulacrum (IceCv)
  A fire drake (Lair:8)
  8 giant leeches
  2 freezing wraiths
  3 deep elf priests
  4 spriggan druids
  7 two-headed ogres
  3 boulder beetles
  6 blue devils (IceCv)
  4 trolls
  19 slime creatures
  17 blink frogs
  4 polar bears
  A stone giant simulacrum (Vaults:2)
  A troll (shapeshifter) (Vaults:2)
  5 bog bodies
  4 shadows
  A centaur simulacrum (D:15)
  6 deep elf magi
  A yak (shapeshifter) (D:13)
  A flying skull (Vaults:3)
  A wraith (D:14)
  38 redbacks
  15 tarantellas
  47 yaks
  2 dire elephant simulacra (IceCv)
  4 wyverns
  25 trapdoor spiders
  2 vampires
  5 basilisks
  3 fire elementals (Spider:1)
  A human simulacrum (Vaults:1)
  27 vampire mosquitoes
  13 hippogriffs
  A harpy simulacrum (IceCv)
  7 deep elf fighters
  A human (D:7)
  22 wolves
  18 swamp worms
  3 insubstantial wisps (Swamp:1)
  3 iron troll simulacra (IceCv)
  8 wargs
  11 porcupines
  7 mottled dragons
  2 sky beasts
  2 hydra simulacra (IceCv)
  13 water moccasins
  3 hell hounds (Spider:1)
  6 black bears
  34 orc warriors
  3 ice beasts
  An elf simulacrum (Vaults:1)
  7 wasps
  3 boggarts (Vaults:1)
  2 eyes of draining
  4 phantoms
  18 spiders
  10 centaurs
  26 ogres
  7 swamp drakes
  21 crocodiles
  5 big kobolds
  A brain worm (D:15)
  21 giant frogs
  An ogre simulacrum (Vaults:1)
  A gnoll sergeant (D:8)
  2 water moccasin zombies (Ossuary)
  5 scorpions
  A wyvern skeleton (D:10)
  11 killer bees (D:10)
  8 electric eels
  5 wights (D:7)
  An orc simulacrum (Vaults:1)
  7 crimson imps
  2 quasits
  2 giant frog skeletons
  33 orc priests
  7 hounds
  62 orc wizards
  3 centaur skeletons
  20 jellies
  2 giant frog zombies
  10 iguanas
  7 worker ants
  A big kobold zombie (Ossuary)
  A killer bee zombie (D:10)
  9 sheep
  A hound skeleton (D:9)
  2 mummies (Ossuary)
  Robin (D:3)
  3 worker ant zombies
  9 gnolls
  13 adders
  41 river rats
  5 shadow imps
  An ooze (D:3)
  2 adder zombies (Ossuary)
  2 adder skeletons (D:7)
  3 giant geckos
  203 orcs
  A ball python (D:4)
  7 bats
  5 giant cockroaches
  9 hobgoblins
  4 jackals (D:7)
  18 kobolds
  3 quokkas
  2 giant gecko skeletons
  7 giant newts
  2 gnoll zombies (Ossuary)
  19 goblins
  8 hobgoblin zombies (Ossuary)
  A jackal zombie (D:6)
  7 kobold zombies (Ossuary)
  3 orc zombies (Ossuary)
  A quokka zombie (D:5)
  7 rats
  A briar patch (Swamp:4)
1551 creatures vanquished.

Vanquished Creatures (others)
  A hydra (Swamp:1)
  A jumping spider (Spider:4)
  A swamp drake (Swamp:1)
  An orc wizard (Orc:4)
  An orc (Orc:2)
  3 briar patches (Swamp:4)
  14 fungi
  26 plants
48 creatures vanquished.

Grand Total: 1599 creatures vanquished

Notes
Turn   | Place    | Note
--------------------------------------------------------------
     0 | D:1      | Kloppie the Minotaur Fighter began the quest for the Orb.
     0 | D:1      | Reached XP level 1. HP: 19/19 MP: 0/0
   155 | D:1      | Reached skill level 4 in Fighting
   159 | D:1      | Reached XP level 2. HP: 24/27 MP: 1/1
   890 | D:2      | Reached XP level 3. HP: 32/34 MP: 2/2
  1103 | D:2      | Found a deep blue altar of Sif Muna.
  1115 | D:2      | Noticed Sigmund
  1389 | D:2      | Reached skill level 5 in Fighting
  1447 | D:3      | Reached XP level 4. HP: 38/42 MP: 3/3
  1614 | D:3      | Reached XP level 5. HP: 29/50 MP: 2/4
  1617 | D:3      | Noticed Robin
  1619 | D:3      | Reached skill level 6 in Fighting
  1624 | D:3      | Reached skill level 5 in Long Blades
  1634 | D:3      | Killed Robin
  2309 | D:4      | Reached XP level 6. HP: 47/58 MP: 5/5
  3017 | D:5      | Entered Level 5 of the Dungeon
  3155 | D:5      | Reached skill level 7 in Fighting
  3423 | D:5      | Found a staircase to the Ecumenical Temple.
  3430 | Temple   | Entered the Ecumenical Temple
  3505 | Temple   | Became a worshipper of Ashenzari the Shackled
  3783 | D:5      | Found an iron altar of Okawaru.
  3886 | D:6      | Reached XP level 7. HP: 49/66 MP: 6/6
  3982 | D:6      | Reached skill level 8 in Fighting
  4070 | D:6      | Found a sand-covered staircase.
  4085 | Ossuary  | Entered an ossuary
  4343 | Ossuary  | Reached XP level 8. HP: 68/77 MP: 7/7
  4432 | D:6      | Reached skill level 9 in Fighting
  4538 | D:6      | Noticed Acur's ghost (novice OpFi)
  4553 | D:6      | Killed Acur's ghost
  4711 | D:6      | Found Raareudgh's Antique Weapon Boutique.
  4976 | D:6      | Reached skill level 10 in Fighting
  5167 | D:7      | Reached skill level 10 in Long Blades
  5167 | D:7      | Reached skill level 5 in Armour
  5272 | D:6      | Bought an encrusted great sword for 299 gold pieces
  5277 | D:6      | Identified the +7 great sword of Gehenna {slice, rPois rN+ Str+4 Stlth+} (You bought it in a shop on level 6 of the Dungeon)
  5529 | D:7      | Reached XP level 9. HP: 85/85 MP: 8/8
  5585 | D:7      | Got the trident of Summertime {drain, rPois rC- MR+ Dex+4}
  5586 | D:7      | Identified the +6 trident of Summertime {drain, rPois rC- MR+ Dex+4} (You found it on level 7 of the Dungeon)
  5793 | D:7      | Reached * piety under Ashenzari
  5898 | D:7      | Reached skill level 11 in Long Blades
  6194 | D:8      | Found an opulent altar of Gozag.
  6253 | D:8      | Found a basalt altar of Yredelemnul.
  6687 | D:8      | Gained mutation: Your body sometimes deteriorates upon taking damage. [mutagenic meat]
  6688 | D:8      | Gained mutation: Your body often deteriorates upon taking damage. [mutagenic meat]
  6689 | D:8      | Gained mutation: You tend to lose your temper in combat. [mutagenic meat]
  6691 | D:8      | Gained mutation: Your system is resistant to poisons. [mutagenic meat]
  6692 | D:8      | Gained mutation: Armour fits poorly on your strangely shaped body. [potion of mutation]
  6692 | D:8      | Gained mutation: Your flesh is heat resistant. [potion of mutation]
  6692 | D:8      | Gained mutation: You are weak. (Str -2) [potion of mutation]
  6693 | D:8      | Gained mutation: You have a pair of large horns on your head. [potion of mutation]
  6693 | D:8      | Gained mutation: You are clumsy. (Dex -2) [potion of mutation]
  6693 | D:8      | Lost mutation: Your body often deteriorates upon taking damage. [potion of mutation]
  6694 | D:8      | Lost mutation: You tend to lose your temper in combat. [potion of cure mutation]
  6694 | D:8      | Lost mutation: You have a pair of large horns on your head. [potion of cure mutation]
  6694 | D:8      | Lost mutation: Your body sometimes deteriorates upon taking damage. [potion of cure mutation]
  6751 | D:8      | Reached skill level 12 in Long Blades
  7092 | D:8      | Reached XP level 10. HP: 89/93 MP: 7/9
  7434 | D:9      | Found a flagged portal.
  8090 | D:9      | Noticed Erica
  8092 | D:9      | Reached skill level 10 in Armour
  8097 | D:9      | Killed Erica
  8097 | D:9      | Reached skill level 13 in Long Blades
  8159 | D:9      | Noticed Maurice
  8170 | D:9      | Killed Maurice
  8355 | D:9      | Found a staircase to the Orcish Mines.
  8444 | D:10     | Entered Level 10 of the Dungeon
  8470 | D:10     | Found a stormy altar of Qazlal.
  8513 | D:10     | Reached ** piety under Ashenzari
  8552 | D:10     | Reached XP level 11. HP: 68/101 MP: 7/10
  8669 | D:10     | Reached skill level 14 in Long Blades
  9375 | D:11     | Found a staircase to the Lair.
  9718 | D:11     | Lost mutation: You are weak. (Str -2) [potion of cure mutation]
  9718 | D:11     | Lost mutation: Your flesh is heat resistant. [potion of cure mutation]
  9718 | D:11     | Lost mutation: Your system is resistant to poisons. [potion of cure mutation]
  9718 | D:11     | Lost mutation: You are clumsy. (Dex -2) [potion of cure mutation]
 10104 | Lair:1   | Entered Level 1 of the Lair of Beasts
 10265 | Lair:1   | Reached skill level 15 in Long Blades
 10884 | Lair:1   | Reached *** piety under Ashenzari
 11139 | Lair:1   | Reached XP level 12. HP: 79/113 MP: 9/11
 11757 | Lair:2   | Reached skill level 16 in Long Blades
 12352 | Lair:3   | Reached **** piety under Ashenzari
 12489 | Lair:3   | Noticed an eight-headed hydra
 12504 | Lair:3   | Killed a five-headed hydra
 13394 | Lair:4   | Reached skill level 17 in Long Blades
 14127 | Lair:5   | Reached ***** piety under Ashenzari
 14159 | Lair:5   | Got the uncursed scale mail "Javylypt" {rElec Str+3 Slay+3}
 14170 | Lair:5   | Identified the +2 scale mail "Javylypt" {rElec Str+3 Slay+3} (You found it on level 5 of the Lair of Beasts)
 14637 | Lair:6   | Found a staircase to the Swamp.
 14910 | Lair:6   | Found a hole to the Spider Nest.
 14997 | Lair:6   | Noticed a six-headed hydra
 15007 | Lair:6   | Killed a two-headed hydra
 15007 | Lair:6   | Reached skill level 15 in Fighting
 15233 | Lair:7   | Reached XP level 13. HP: 122/126 MP: 12/12
 15297 | Lair:7   | Found a staircase to the Slime Pits.
 15445 | Lair:7   | Reached skill level 18 in Long Blades
 15885 | Lair:7   | Noticed a catoblepas
 15891 | Lair:7   | Killed a catoblepas
 15963 | Lair:7   | Noticed a seven-headed hydra
 15970 | Lair:7   | Killed a five-headed hydra
 16751 | Orc:1    | Entered Level 1 of the Orcish Mines
 17287 | Orc:3    | Reached skill level 1 in Dodging
 17389 | Orc:3    | Found a roughly hewn altar of Beogh.
 18275 | Orc:3    | Found a roughly hewn altar of Beogh.
 18482 | Orc:2    | Found Ikuryaplamn's Book Emporium.
 18487 | Orc:2    | Reached skill level 5 in Dodging
 18632 | Orc:2    | Found a roughly hewn altar of Beogh.
 18726 | Orc:4    | Entered Level 4 of the Orcish Mines
 18797 | Orc:4    | Found a staircase to the Elven Halls.
 19031 | Orc:4    | Found Halu's Weapon Boutique.
 19159 | Orc:4    | Found a runed door.
 19260 | Orc:4    | Found a roughly hewn altar of Beogh.
 19430 | Orc:4    | Found Qotuq's Antique Weapon Shop.
 19466 | Orc:4    | Found Hoilunur's Magic Scroll Boutique.
 19474 | Orc:4    | Bought a scroll of silence for 105 gold pieces
 19498 | Orc:4    | Found a radiant altar of Vehumet.
 19498 | Orc:4    | Noticed Erolcha
 19515 | Orc:4    | Killed Erolcha
 19516 | Orc:4    | Found Daryisy's Book Boutique.
 19544 | Orc:4    | Found an ancient bone altar of Kikubaaqudgha.
 19545 | Orc:4    | Noticed Nergalle
 19546 | Orc:4    | Reached XP level 14. HP: 120/136 MP: 13/13
 19560 | Orc:4    | Killed Nergalle
 19620 | Orc:4    | Found Dicadden's Antique Weapon Boutique.
 19620 | Orc:4    | Found a roughly hewn altar of Beogh.
 19645 | Orc:4    | Paralysed by an orc sorcerer for 6 turns
 19722 | Orc:4    | Bought a scorched scimitar for 279 gold pieces
 20358 | Orc:4    | Identified the +2 scimitar "Dolull" {speed, rPois rF+ MR+} (You bought it in a shop on level 4 of the Orcish Mines)
 20800 | Lair:8   | Entered Level 8 of the Lair of Beasts
 21264 | Lair:8   | Reached skill level 10 in Dodging
 23574 | Spider:1 | Entered Level 1 of the Spider Nest
 23641 | Spider:1 | Noticed Azrael
 23656 | Spider:1 | Reached skill level 5 in Shields
 23675 | Spider:1 | Killed Azrael
 23675 | Spider:1 | Reached XP level 15. HP: 100/145 MP: 14/14
 25098 | Spider:2 | Reached skill level 10 in Shields
 26221 | Spider:3 | Noticed Norris
 26251 | Spider:3 | Killed Norris
 26354 | Spider:3 | Noticed Arachne
 26379 | Spider:3 | Killed Arachne
 26498 | Spider:3 | Noticed krfreak's ghost (adept OgBe)
 26530 | Spider:3 | Killed krfreak's ghost
 27327 | Spider:4 | Entered Level 4 of the Spider Nest
 27382 | Spider:4 | Found a frozen archway.
 27394 | IceCv    | Entered an ice cave
 28597 | IceCv    | Reached XP level 16. HP: 85/152 MP: 4/15
 28625 | IceCv    | Got the great mace "Jyrynu Ogiu" {crush, +Blink rElec}
 28631 | IceCv    | Identified the +3 great mace "Jyrynu Ogiu" {crush, +Blink rElec} (You found it in an ice cave)
 28875 | Spider:4 | Reached skill level 15 in Shields
 28980 | Spider:4 | Reached skill level 1 in Evocations
 29669 | Spider:4 | Reached skill level 5 in Evocations
 30393 | Spider:4 | Got a gossamer rune of Zot
 31717 | Swamp:1  | Entered Level 1 of the Swamp
 32001 | Swamp:1  | Reached ****** piety under Ashenzari
 33420 | Swamp:3  | Noticed Nikola
 33484 | Swamp:3  | Killed Nikola
 33484 | Swamp:3  | Reached XP level 17. HP: 87/160 MP: 22/23
 34166 | Swamp:4  | Entered Level 4 of the Swamp
 34532 | Swamp:4  | Reached skill level 15 in Armour
 34548 | Swamp:4  | Reached skill level 10 in Evocations
 35383 | Swamp:4  | Got a decaying rune of Zot
 35854 | D:12     | Found a flagged portal.
 35864 | Bailey   | Entered a bailey
 36012 | Bailey   | Identified the Tome of Aid and the Rocks
 36195 | D:12     | Found Heclua's Quality Used Wands.
 37485 | D:13     | Paralysed by a wizard for 5 turns
 37613 | D:13     | Found a roughly hewn altar of Beogh.
 37784 | D:13     | Found a gate to the Vaults.
 38361 | D:15     | Entered Level 15 of the Dungeon
 38485 | D:15     | Noticed Roxanne
 38593 | D:15     | Killed Roxanne
 38601 | D:15     | Identified Roxanne's Guide on Changing (You took it off Roxanne on level 15 of the Dungeon)
 38619 | D:15     | Noticed Nessos
 38620 | D:15     | Noticed Urug
 38653 | D:14     | Killed Urug
 39043 | D:15     | Killed Nessos
 39112 | D:15     | Noticed Rupert
 39150 | D:15     | Killed Rupert
 39604 | D:15     | Found a staircase to the Depths.
 39772 | D:15     | Reached XP level 18. HP: 132/172 MP: 25/25
 40071 | Vaults:1 | Entered Level 1 of the Vaults
 40396 | Vaults:1 | Found Moedacoa's Weapon Boutique.
 40403 | Vaults:1 | Bought a +2 long sword of holy wrath for 311 gold pieces
 42290 | Vaults:1 | Paralysed by a hornet for 3 turns
 42746 | Vaults:2 | Found a flickering gateway to a bazaar.
 42752 | Bazaar   | Entered a bazaar
 42766 | Bazaar   | Found Weireim's Distillery.
 42766 | Bazaar   | Found Qugu's Magic Scroll Shoppe.
 42787 | Bazaar   | Found Dufat's Weapon Emporium.
 42787 | Bazaar   | Found Lotimes's Antique Weapon Shoppe.
 42808 | Bazaar   | Found Pimadank's Book Emporium.
 42808 | Bazaar   | Found Payfuju's General Store.
 42818 | Bazaar   | Bought 2 scrolls of enchant weapon for 120 gold pieces
 42834 | Bazaar   | Found Ongonupu's Gadget Emporium.
 42834 | Bazaar   | Found Ejiqyace's Food Shoppe.
 42838 | Bazaar   | Bought a wand of teleportation (2) for 198 gold pieces
 43005 | Vaults:2 | Reached skill level 19 in Fighting
 44650 | Vaults:3 | Reached XP level 19. HP: 150/183 MP: 27/27
 45318 | Vaults:3 | Gained mutation: You are frail (-10% HP). [a neqoxec]
 45321 | Vaults:3 | Gained mutation: Your body sometimes deteriorates upon taking damage. [a neqoxec]
 45326 | Vaults:3 | Found a staircase to the Crypt.
 45346 | Vaults:3 | HP: 8/165 [orc knight/battleaxe (6)]
 45748 | Vaults:3 | Paralysed by an ogre mage for 7 turns
 45751 | Vaults:3 | HP: 3/165 [ice dragon/blast of cold (25)]
 45752 | Vaults:3 | Mangled by an ice dragon

Action                   |  1- 3 |  4- 6 |  7- 9 | 10-12 | 13-15 | 16-18 | 19-21 || total
-------------------------+-------+-------+-------+-------+-------+-------+-------++-------
Melee: Long sword        |    80 |   155 |   204 |       |       |       |       ||   439
       Great sword       |       |       |   136 |   548 |   677 |       |       ||  1361
       Scimitar          |       |       |       |     9 |   647 |  1723 |       ||  2379
       Double sword      |       |       |       |       |       |   448 |   167 ||   615
Invok: Scrying           |       |       |       |       |     2 |       |       ||     2
 Abil: Stop Flying       |       |       |       |       |       |     1 |       ||     1
Evoke: Wand              |       |       |       |       |     9 |       |       ||     9
  Use: Potion            |       |     1 |     3 |     2 |     6 |     4 |     5 ||    21
       Scroll            |       |    13 |    11 |     9 |     5 |    10 |     2 ||    50
 Stab: Distracted        |       |       |       |       |     1 |       |       ||     1
  Eat: Chunk             |     2 |     6 |    15 |    19 |    28 |    19 |       ||    89
       Pizza             |       |       |     1 |       |     1 |     1 |       ||     3
       Fruit             |       |       |       |     4 |    10 |     4 |       ||    18
       Beef jerky        |       |       |       |     2 |     1 |       |       ||     3
       Bread ration      |       |       |       |       |     1 |     2 |       ||     3
       Meat ration       |       |       |       |       |       |     4 |     1 ||     5
